 Dungeon Crawl Stone Soup version 0.15-a0-193-gf781f13 (webtiles) character file.

619 PolkaDot the Vexing (level 6, -2/41 HPs)
             Began as a Vampire Enchanter on Apr 22, 2014.
             Was an Initiate of Ashenzari.
             Slain by Edmund
             ... wielding a +1,+2 flail of draining
              (10 damage)
             ... on Level 4 of the Dungeon.
             The game lasted 00:16:33 (3532 turns).

PolkaDot the Vexing (Vampire Enchanter)             Turns: 3532, Time: 00:16:33

HP  -2/41        AC  5     Str  7      XL: 6   Next: 51%
MP   8/10        EV 13     Int 17      God: Ashenzari [......]
Gold 227         SH  0     Dex 16      Spells:  3 memorised,  3 levels left

rFire  . . .     SeeInvis +     s - +2,+0 cutlass
rCold  . . .     Clarity  .     b - +1 robe
rNeg   . . .     Conserve .     (no shield)
rPois  +         rCorr    .     t - +0 helmet
rElec  .         rRot     .     a - +0 cloak
SustAb + .       Spirit   .     (no gloves)
rMut   .         Warding  .     (no boots)
Saprov . . .     Stasis   .     (no amulet)
MR     .....                    j - ring of sustain abilities {unknown}
                                i - ring of poison resistance

@: regenerating quickly, not resistant to hostile enchantments, stealthy
A: bottle blood, fangs 3, see invisible, unbreathing
a: Bottle Blood, Renounce Religion


You were on level 4 of the Dungeon.
You worshipped Ashenzari.
Ashenzari was noncommittal.
You were very full.

You visited 1 branch of the dungeon, and saw 4 of its levels.

You collected 227 gold pieces.

Inventory:

Hand weapons
 s - a +2,+0 cutlass (weapon)
Missiles
 d - 12 darts (quivered)
Armour
 a - a +0 cloak (worn)
 b - a +1 robe (worn)
 t - a +0 helmet (worn)
Magical devices
 e - a wand of magic darts (11)
Scrolls
 k - a scroll of enchant armour {unknown}
 l - a scroll of fear {unknown}
 n - 2 scrolls of recharging
 o - a scroll of teleportation {unknown}
 p - a scroll of magic mapping {unknown}
 r - a scroll of enchant weapon II {unknown}
 u - a scroll of noise
 v - a scroll of enchant weapon I {unknown}
Jewellery
 i - a ring of poison resistance (left hand)
 j - a ring of sustain abilities (right hand) {unknown}
Potions
 f - a potion of cure mutation {!q}
 g - 2 potions of brilliance
 h - a potion of restore abilities
 m - a potion of magic
 q - a potion of agility {unknown}
Books
 c - a book of Maledictions

   Spells                             Type                      Level
   *Corona                            Hexes                        1
   Sure Blade                         Hexes/Charms                 2
   *Ensorcelled Hibernation           Hexes/Ice                    2
   *Confuse                           Hexes                        3
   Dazzling Spray                     Conjuration/Hexes            3
   Enslavement                        Hexes                        4


   Skills:
 * Level 5.5 Short Blades
 - Level 0.7 Throwing
 - Level 2.1 Dodging
 - Level 3.0 Stealth
 - Level 2.0 Spellcasting
 + Level 6.5 Hexes
 + Level 2.6 Ice Magic


You had 3 spell levels left.
You knew the following spells:

 Your Spells              Type           Power        Failure   Level  Hunger
a - Corona                Hex            ###....      1%          1    #......
c - Confuse               Hex            ###.....     4%          3    ####...
d - Ensorcelled Hibernat  Hex/Ice        ###...       4%          2    ###....


Dungeon Overview and Level Annotations

Branches:
Dungeon (4/15)
 Temple: D:4-7

Altars:
Ashenzari
Cheibriados
Kikubaaqudgha
Trog

Annotations:
D:4 Edmund


Innate Abilities, Weirdness & Mutations

Your natural rate of healing is unusually fast.
You can bottle blood from corpses.
You have razor-sharp teeth.*
You have supernaturally acute eyesight.
You can survive without breathing.*


Message History

Found two items.
The hobgoblin shouts!
Edmund hits you with a glowing flail!
You hit Edmund but do no damage.
The centaur wields a glowing bow.
It is covered in frost.
The centaur shoots an arrow of frost.
The arrow of frost hits you!
The centaur shoots an arrow of frost.
The arrow of frost misses you.
Casting: Ensorcelled Hibernation
Confirm with . or Enter, or press ? or * to list all spells.
Aiming: Ensorcelled Hibernation
Press: ? - help, Shift-Dir - straight line, f - Edmund
Aim: Edmund, wielding a glowing flail and wearing a leather armour Edmund looks drowsy...
The centaur shoots an arrow of frost.
The arrow of frost hits you!
* * * LOW HITPOINT WARNING * * *
The helpless Edmund fails to defend himself.
You puncture Edmund!
Edmund is moderately wounded.
Edmund hits you with a glowing flail!
You die...

###############.)....##......#...
#............#.####
#...............<#
#....(......##.###
#...........#...#
#%..........#...###
#...........#......
#######....####...#..###.
.......g@..# #####..###.
..?....@......... #......
......c....)... #.#####
.......##....... #.....# .......
#...... #####.# ###### #..... #..
#.... ### ###


You could see Edmund, a centaur and a hobgoblin.

Vanquished Creatures
  A hound (D:4)
  Crazy Yiuf (D:3)
  2 worker ants (D:4)
  Natasha (twice) (D:4)
  An orc priest (D:3)
  Ijyb (D:2)
  5 adders
  4 gnolls (D:2)
  A giant mite (D:2)
  4 worms (D:4)
  3 giant geckos
  An ooze (D:1)
  3 orcs (D:3)
  15 bats
  A giant cockroach (D:2)
  11 hobgoblins
  7 jackals
  3 quokkas
  2 ball pythons
  4 giant newts
  A giant newt skeleton (D:4)
  11 goblins
  8 kobolds
  An orc skeleton (D:4)
  3 rats
96 creatures vanquished.

Notes
Turn   | Place    | Note
--------------------------------------------------------------
     0 | D:1      | PolkaDot, the Vampire Enchanter, began the quest for the Orb.
     0 | D:1      | Reached XP level 1. HP: 13/13 MP: 3/3
   264 | D:1      | Reached XP level 2. HP: 16/19 MP: 4/4
   665 | D:1      | Reached skill level 5 in Hexes
   819 | D:1      | Learned a level 2 spell: Ensorcelled Hibernation
  1006 | D:2      | Reached XP level 3. HP: 18/24 MP: 0/6
  1264 | D:2      | Noticed Ijyb
  1314 | D:2      | Killed Ijyb
  1452 | D:2      | Found a snail-covered altar of Cheibriados.
  1460 | D:2      | Reached XP level 4. HP: 30/30 MP: 7/7
  1596 | D:2      | Reached skill level 1 in Ice Magic
  2077 | D:3      | Found an ancient bone altar of Kikubaaqudgha.
  2089 | D:3      | Reached XP level 5. HP: 29/35 MP: 1/9
  2355 | D:3      | Noticed Crazy Yiuf
  2395 | D:3      | Killed Crazy Yiuf
  2594 | D:3      | Reached skill level 6 in Hexes
  2918 | D:4      | Reached skill level 5 in Short Blades
  2918 | D:4      | Reached XP level 6. HP: 37/41 MP: 5/10
  2976 | D:4      | Noticed Natasha
  2982 | D:4      | Killed Natasha
  3004 | D:4      | Noticed a phantom
  3044 | D:4      | Learned a level 3 spell: Confuse
  3145 | D:4      | Noticed Natasha
  3153 | D:4      | Killed Natasha
  3400 | D:4      | Found a bloodstained altar of Trog.
  3411 | D:4      | Found a shattered altar of Ashenzari.
  3415 | D:4      | Became a worshipper of Ashenzari the Shackled
  3527 | D:4      | Noticed Edmund
  3528 | D:4      | Noticed a centaur
  3532 | D:4      | Slain by Edmund

Action                   |  1- 3 |  4- 6 || total
-------------------------+-------+-------++-------
Melee: Dagger            |   172 |   121 ||   293
       Cutlass           |       |    66 ||    66
 Cast: Ensorcelled Hiber |    11 |    41 ||    52
       Corona            |     1 |       ||     1
       Confuse           |       |     1 ||     1
Evoke: Wand              |       |     1 ||     1
  Use: Potion            |     2 |     2 ||     4
       Scroll            |       |     5 ||     5
 Stab: Sleeping          |    13 |    34 ||    47
